 Dungeon Crawl Stone Soup version 0.32-a0-520-g344ed53f66 (webtiles) character file.

Game seed: 13185082297033322498

2349 retardedninja the Cleaver (level 9, -8/82 HPs)
             Began as a Mountain Dwarf Fighter on Feb 27, 2024.
             Was a Believer of Cheibriados.
             Shot with an arrow by a centaur (9 damage)
             ... on level 7 of the Dungeon.
             The game lasted 00:09:25 (7379 turns).

retardedninja the Cleaver (Mountain Dwarf Fighter)  Turns: 7379, Time: 00:09:26

Health: -8/82      AC: 13    Str: 27    XL:     9   Next: 20%
Magic:  9/9        EV:  8    Int: 13    God:    Cheibriados [**....]
Gold:   218        SH:  5    Dex: 13    Spells: 8/8 levels left

rFire   + . .        q - +0 broad axe
rCold   . . .        c - +0 buckler
rNeg    . . .        j - +2 chain mail {rF+}
rPois   .            (no helmet)
rElec   .            (no cloak)
rCorr   .            A - +0 pair of gloves
SInv    +            (no boots)
Will    .....        (no amulet) Stlth
                     C - ring of see invisible
HPRegen 0.33/turn    u - ring of flight
MPRegen 0.11/turn

%: no passive effects
@: flying, very slow
A: runic magic, artefact enchanting
a: Renounce Religion, Bend Time


You were on level 7 of the Dungeon.
You worshipped Cheibriados.
Cheibriados was pleased with you.
You visited 2 branches of the dungeon, and saw 8 of its levels.

You collected 334 gold pieces.
You spent 116 gold pieces at shops.

Inventory:

Hand Weapons
 q - a +0 broad axe (weapon)
Armour
 c - a +0 buckler (worn)
 j - a +2 chain mail of fire resistance (worn)
 A - a +0 pair of gloves (worn)
 F - a +0 helmet
Jewellery
 u - a ring of flight (right hand)
 C - a ring of see invisible (left hand)
 D - an amulet of faith
Wands
 o - a wand of charming (21)
 t - a wand of mindburst (1)
 B - a wand of roots (6)
 I - a wand of quicksilver (9)
Scrolls
 e - 4 scrolls of vulnerability {unknown}
 f - 3 scrolls of identify {unknown}
 g - 5 scrolls of poison {unknown}
 i - 4 scrolls of blinking {unknown}
 l - 2 scrolls of silence {unknown}
 m - a scroll of fear {unknown}
 n - 3 scrolls of enchant armour {unknown}
 r - a scroll of acquirement {unknown}
 y - 2 scrolls of enchant weapon {unknown}
 E - 2 scrolls of teleportation {unknown}
Potions
 a - 3 potions of heal wounds {unknown}
 b - a potion of magic {unknown}
 d - a potion of might
 h - a potion of cancellation {unknown}
 k - 2 potions of brilliance {unknown}
 p - 4 potions of curing {unknown}
 s - a potion of haste {unknown}
 v - a potion of attraction {unknown}
 w - 2 potions of mutation {unknown}
 x - a potion of resistance {unknown}
 z - a potion of enlightenment {unknown}
 G - a potion of berserk rage {unknown}
 H - a potion of ambrosia {unknown}


   Skills:
 * Level 8.6 Fighting
 * Level 9.0 Axes
 + Level 6.2 Armour
 + Level 6.3 Shields


You had 8 spell levels left.
You didn't know any spells.
Your spell library contained the following spells:

 Spells                   Type           Power      Damage    Failure   Level
 Blink                    Tloc           0%         N/A       61%         2
 Lesser Beckoning         Tloc           0%         N/A       61%         2
 Momentum Strike          Conj/Tloc      0%         3d8       61%         2
 Gell's Gravitas          Tloc           0%         N/A       83%         3
 Teleport Other           Tloc           0%         N/A       83%         3


Dungeon Overview and Level Annotations

Branches:
Dungeon (7/15)             Temple (1/1) D:6

Altars:
Ashenzari
Cheibriados
Dithmenos
Elyvilon
Fedhas
Gozag
Hepliaklqana
Makhleb
Nemelex Xobeh
Okawaru
Qazlal
Ru
Sif Muna
Trog
Uskayaw
Vehumet
Wu Jian
Zin
The Shining One

Shops:
D:3 (   D:5 *[[?(   D:7 [


Innate Abilities, Weirdness & Mutations

Your spellcasting is much less encumbered by armour.
You can use scrolls of enchantment on lesser artefacts.


Message History

The bolt of dispelling energy hits the centaur!
The centaur is almost dead.
The bolt of dispelling energy hits the centaur!
The centaur is heavily wounded.
The bolt of dispelling energy hits the centaur!
The centaur is almost dead.
The grasping roots constrict the centaur.
You kill the centaur!
Cheibriados appreciates the change of pace.
The grasping roots constrict the centaur!
You kill the centaur!
Cheibriados appreciates the change of pace.
The centaur shoots an arrow.
The arrow hits you.
The centaur shoots an arrow.
The arrow hits you but does no damage.
The centaur shoots an arrow.
The arrow barely misses you.
The centaur shoots an arrow.
You block the arrow.
Your Axes skill increases to level 9!
The centaur shoots an arrow.
The arrow barely misses you.
The centaur shoots an arrow.
The arrow hits you.
* * * LOW HITPOINT WARNING * * *
The centaur shoots an arrow.
The arrow hits you.
* * * LOW HITPOINT WARNING * * *
The centaur shoots an arrow.
The arrow hits you!
* * * LOW HITPOINT WARNING * * *
The centaur shoots an arrow.
The arrow hits you.
* * * LOW HITPOINT WARNING * * *
The centaur shoots an arrow.
The arrow barely misses you.
The centaur shoots an arrow.
You block the arrow.
Aiming: Quicksilver Bolt
Press: ? - help, Q - select action, (/) - cycle Shift-Dir - straight line, f/p - centaur
Aim: a centaur, wielding a +0 shortbow (heavily wounded, 83% to hit)
The bolt of dispelling energy hits the centaur!
You kill the centaur!
Cheibriados thoroughly appreciates the change of pace.
The centaur shoots an arrow.
The arrow hits you.
* * * LOW HITPOINT WARNING * * *
The centaur shoots an arrow.
You block the arrow.
The centaur shoots an arrow.
The arrow hits you but does no damage.
The centaur shoots an arrow.
The arrow hits you!
You die...
Cheibriados appreciates the motionlessness of death.

#≈≈≈≈.## #.≈≈≈≈≈≈≈.##.#
#≈≈≈..# #c≈≈≈≈≈≈≈≈≈#.#
.≈≈≈...# #..≈≈≈≈≈≈≈≈≈.##
≈≈≈≈..c.# #..≈≈≈≈≈≈≈≈≈..#
≈≈≈≈≈...#'#..≈≈≈≈≈≈≈≈≈≈.#
≈≈≈≈≈c. .c.)c≈≈≈≈≈≈≈≈≈≈.#
≈≈≈≈≈≈. .$$.≈≈≈≈≈≈≈≈≈≈≈.#
≈≈≈≈≈≈≈ ..≈≈≈≈≈≈≈≈≈≈≈≈≈##
.≈≈≈≈≈≈ ≈≈≈≈≈≈≈≈@≈≈≈≈≈##
....≈≈≈ ≈≈≈≈≈≈≈≈≈≈≈####
.....## ≈≈≈≈≈≈≈#####
....... ..≈≈≈≈# ##...##
###### # #### #


You could see 3 centaurs.

Vanquished Creatures
  Menkaure (D:4)
  An orc warrior (D:6)
  A sky beast (D:6)
  A black bear (D:5)
  2 ogres (D:6)
  4 centaurs
  3 phantoms
  2 kobold brigands
  A gnoll sergeant (D:7)
  A scorpion (D:6)
  2 howler monkeys
  A bullfrog zombie (D:5)
  A centaur zombie (D:5)
  4 jellies
  A gnoll bouda (D:7)
  5 hounds
  A bullfrog skeleton (D:5)
  5 iguanas
  5 scorpion zombies (D:5)
  A sleepcap (D:6)
  2 orc wizards (D:7)
  A hound skeleton (D:5)
  A hound zombie (D:5)
  A howler monkey zombie (D:5)
  10 gnolls
  6 adders
  A white imp (D:6)
  4 ufetubi
  A dart slug (D:2)
  9 orcs
  3 ball pythons
  5 endoplasms
  5 giant cockroaches
  6 goblins
  2 hobgoblins
  6 jackals (D:3)
  4 quokkas
  7 bats
  5 frilled lizards
  12 kobolds
  4 rats
138 creatures vanquished.

Notes
Turn   | Place    | Note
-------+----------+-------------------------------------------
     0 | D:1      | retardedninja the Mountain Dwarf Fighter began the quest
                  | for the Orb.
     0 | D:1      | Reached XP level 1. HP: 19/19 MP: 1/1
   340 | D:1      | Reached XP level 2. HP: 24/26 MP: 2/2
   488 | D:1      | Reached skill level 3 in Axes
   920 | D:2      | You fall into a shaft and drop 1 floor!
   956 | D:2      | Reached XP level 3. HP: 33/33 MP: 3/3
  1811 | D:3      | Reached XP level 4. HP: 40/40 MP: 4/4
  2095 | D:3      | Found Leangocw's Antique Weapon Emporium.
  2177 | D:3      | Bought a broad axe for 116 gold pieces
  2539 | D:4      | Found a shimmering blue altar of Sif Muna.
  2645 | D:4      | Reached skill level 4 in Axes
  2645 | D:4      | Reached XP level 5. HP: 19/47 MP: 5/5
  2787 | D:4      | Noticed Menkaure
  2796 | D:4      | Killed Menkaure
  2797 | D:4      | Reached skill level 5 in Fighting
  2797 | D:4      | Reached XP level 6. HP: 32/56 MP: 6/6
  3123 | D:5      | Entered Level 5 of the Dungeon
  3147 | D:5      | Reached skill level 5 in Axes
  3271 | D:5      | Reached XP level 7. HP: 62/62 MP: 7/7
  3425 | D:5      | Found Noymifaaz's Antique Weapon Boutique.
  3624 | D:5      | Reached skill level 6 in Axes
  3717 | D:5      | Found a sparkling altar of Nemelex Xobeh.
  3767 | D:5      | Found Zeov's General Store.
  3798 | D:5      | Found Ciahitra's Armour Shop.
  3803 | D:5      | Found Vaoh's Armour Boutique.
  3814 | D:5      | Reached skill level 5 in Shields
  3817 | D:5      | Reached skill level 5 in Armour
  4033 | D:5      | Found Ucsyatwa's Magic Scroll Shoppe.
  4329 | D:6      | Found a hazy altar of Hepliaklqana.
  4389 | D:6      | Reached XP level 8. HP: 67/71 MP: 8/8
  4449 | D:6      | Found a shadowy altar of Dithmenos.
  4458 | D:6      | Reached skill level 7 in Axes
  4482 | D:6      | Found a staircase to the Ecumenical Temple.
  4502 | Temple   | Entered the Ecumenical Temple
  4517 | Temple   | Became a worshipper of Cheibriados the Contemplative
  4993 | D:6      | Found a bloodstained altar of Trog.
  4996 | D:6      | Reached skill level 8 in Axes
  5316 | D:7      | Found Jaicec's Antique Armour Emporium.
  5322 | D:7      | Reached * piety under Cheibriados
  5690 | D:6      | Reached XP level 9. HP: 66/81 MP: 9/9
  5908 | D:7      | Reached ** piety under Cheibriados
  7378 | D:7      | Reached skill level 9 in Axes
  7379 | D:7      | HP: 1/82 [centaur/arrow (5)]
  7379 | D:7      | Shot with an arrow by a centaur

Illustrated notes

Levels and vault maps discovered:
D:1:      dpeg_arrival_orchard, layout_basic
D:2:      layout_loops_corners
D:3:      layout_basic, serial_shops, nicolae_shop_gibbet_a_chance
D:4:      layout_basic, kennysheep_mini, uniq_menkaure
D:5:      layout_gridville, lemuel_doored_altar, serial_undead, serial_undead_a,
          serial_undead_d, serial_undead_e, serial_undead_f, serial_shops,
          nicolae_shop_rolled_up, nicolae_shop_real_fake_doors, shop,
          nicolae_shop_rolling_square, nicolae_stop_n_shop_1, patterned_corridor
D:6:      kennysheep_six_static_rooms, layout_basic, trog_antimagical,
          grunt_dithmenos_shadows, worldfamousw_hep_ancestral_shrine,
          minmay_temple_entry_wispy, corexii_corridor_pit, dk_noncrumbling_3
D:7:      layout_cave_pools, mainiacjoe_overflow_paths, nicolae_zen_rock_garden,
          nicolae_stop_n_shop_1, kennysheep_flooded_box, grunt_decor_arrowhead,
          centaur_isle, uniq_maurice
Temple:   nicolae_temple_two_arcs

Skill      XL: |  1  2  3  4  5  6  7  8  9 |
---------------+----------------------------+-----
Axes           | 3 4 5 6 8 9 |  9.0
Fighting       | 4 5 6 8 |  8.6
Shields        | 4 5 6 |  6.3
Armour         | 4 5 6 |  6.2

Action                     |  1- 3 |  4- 6 |  7- 9 || total
---------------------------+-------+-------+-------++-------
  Melee: War axe           |    93 |    25 |       ||   118
         Broad axe         |       |    88 |   226 ||   314
  Evoke: Wand              |       |     3 |     7 ||    10
 Armour: Scale mail        |    28 |       |       ||    28
         Chain mail        |    47 |   133 |   327 ||   507
  Dodge: Dodged            |    43 |    50 |   172 ||   265
         Repelled          |       |       |     2 ||     2
  Block: Buckler           |    22 |    29 |    86 ||   137

Table legend: (Time is in decaauts)
 A = Elapsed time spent in this place.
 B = Non-inter-level travel time spent in this place.
 C = Inter-level travel time spent in this place.
 D = Time resting spent in this place.
 E = Time spent auto-exploring this place.
 F = Levels seen in this place.
 G = Mean time per level.
                   A        B        C        D        E       F      G
               +--------+--------+--------+--------+--------+-----+--------+
         Total |   7764 |   7607 |    157 |   1578 |   4804 |   8 |  970.5 |
       Dungeon |   7737 |   7590 |    147 |   1578 |   4804 |   7 | 1105.3 |
        Temple |     27 |     17 |     10 |      0 |      0 |   1 |   27.0 |
               +--------+--------+--------+--------+--------+-----+--------+

Top non-repeatable levels by time:
     D:6: 1804 daAuts
     D:7: 1762 daAuts
     D:5: 986 daAuts
     D:4: 952 daAuts
     D:2: 825 daAuts
     D:3: 714 daAuts
     D:1: 691 daAuts
  Temple: 27 daAuts
